AoeStats
← BigTontonP

Arena

509964052Analyzed
1v1 RM · 4d ago on Sep 28, 2026· 62m 11s· 2 players
Game mode
Random Map
Map size
Tiny (2 player)
Population
200
Speed
Normal
Resources
Standard
Victory
Conquest
Starting age
Dark Age
Ending age
Imperial Age
RankedLock teamsTeams togetherTeam positionsShared explorationLock speedFull tech treeHidden civsTurbo modeCheats
Victory
Defeat
🇫🇷 Khmer · France
1233
+16
🇵🇹 Koreans · Portugal
1242
-16
BigTontonP
10:54 Feudal Age
14:10 Castle Age
12:24 Double-Bit Axe
12:24 Horse Collar
12:38 Loom
13:10 Stone Mining
17:39 Bow Saw
22:06 Fletching
30:21 Imperial Age
27:59 Gold Mining
28:42 Bodkin Arrow
30:17 Heavy Plow
30:43 Masonry
30:32 Murder Holes
32:01 Architecture
32:07 Bracer
32:12 Scale Barding Armor
32:18 Forging
33:39 Light Cavalry
34:30 Bloodlines
34:40 Husbandry
35:14 Chain Barding Armor
35:30 Iron Casting
35:13 Hussar
45:46 Elite Skirmisher
54:17 Plate Barding Armor
54:43 Blast Furnace
53:46 Padded Archer Armor
55:32 Conscription
55:49 Ballistics
56:29 Chemistry
56:47 Tusk Swords
56:53 Double Crossbow
57:05 Siege Engineers
57:11 Careening
57:11 Clinker Construction
57:12 Fortified Wall
56:53 Heated Shot
58:19 Heavy Scorpion
[PT]Sebastiao100
4:46 Loom
11:17 Feudal Age
15:45 Castle Age
14:47 Fletching
16:26 Double-Bit Axe
16:34 Gold Mining
28:28 Imperial Age
26:23 Stone Mining
26:38 Bodkin Arrow
27:11 Bow Saw
28:46 Pikeman
31:59 Murder Holes
33:41 Conscription
32:45 Pikeman
36:37 Conscription
38:35 Scale Mail Armor
50:57 Chain Mail Armor
51:25 Forging
53:33 Squires
53:52 Elite Fire Lancer
55:41 Wheelbarrow
55:06 Town Watch
Connection lost

Rejoining the realm…

Still unreachable

The connection could not be restored.

Session expired

The server has moved on; the page needs a fresh start.